 Dungeon Crawl Stone Soup version 0.30.1-11-g7821555f0a (webtiles) character file.

Game seed: 8674392537910628133

99 Ijustatesigmund the Shield-Bearer (level 4, -1/29 HPs)
             Began as a Gargoyle Fighter on Nov 2, 2023.
             Slain by a gnoll
             ... wielding a +1 heavy flail
              (12 damage)
             ... on level 2 of the Dungeon.
             The game lasted 00:02:36 (1457 turns).

Ijustatesigmund the Shield-Bearer (GrFi)            Turns: 1457, Time: 00:02:36

Health: -1/29      AC: 10    Str: 20    XL:     4   Next: 72%
Magic:  4/4        EV:  9    Int: 10    God:
Gold:   42         SH:  4    Dex:  9    Spells: 3/3 levels left

rFire   . . .        a - +0 flail
rCold   . . .        c - +0 buckler
rNeg    + + .        b - +0 scale mail
rPois   ∞            (no helmet)
rElec   +            (no cloak)
rCorr   .            (no gloves)
SInv    .            (no boots)
Will    .....        e - amulet of the acrobat Stlth
                     i - ring of positive energy
HPRegen 0.24/turn    (no ring)
MPRegen 0.09/turn

%: acrobat
@: no status effects
A: sickness immunity, AC +3, negative energy resistance 1, electricity
resistance, torment resistance 1, petrification resistance
a: no special abilities


You were on level 2 of the Dungeon.
You visited 1 branch of the dungeon, and saw 2 of its levels.

You collected 75 gold pieces.
You spent 33 gold pieces at shops.

Inventory:

Hand Weapons
 a - a +0 flail (weapon)
Armour
 b - a +0 scale mail (worn)
 c - a +0 buckler (worn)
Jewellery
 e - an amulet of the acrobat (around neck)
 i - a ring of positive energy (left hand)
Scrolls
 g - 2 scrolls of immolation {unknown}
 h - a scroll of fog {unknown}
 j - a scroll of identify {unknown}
 l - a scroll of teleportation
 m - a scroll of poison {unknown}
 n - a scroll of blinking {unknown}
 o - a scroll of vulnerability {unknown}
Potions
 d - a potion of might
 f - a potion of degeneration {unknown}
 k - a potion of heal wounds {unknown}


   Skills:
 + Level 4.0 Fighting
 + Level 2.9 Maces & Flails
 + Level 4.0 Armour
 + Level 4.1 Shields


You had 3 spell levels left.
You didn't know any spells.
Your spell library contained the following spells:

 Spells                   Type           Power      Damage    Failure   Level
 Fireball                 Conj/Fire      0%         3d3       100%        5
 Iskenderun's Battlesphe  Conj           0%         2d6       100%        5
 Conjure Ball Lightning   Conj/Air       0%         3x3d6     100%        6
 Orb of Destruction       Conj           0%         9d5       100%        7


Dungeon Overview and Level Annotations

Branches:
Dungeon (2/15)

Altars:

Shops:
D:1 ?


Innate Abilities, Weirdness & Mutations

You are immune to sickness and miasma.
Your stone body is resilient. (AC +3)
You are immune to poison.
You resist negative energy. (rN+)
You are resistant to electric shocks. (rElec)
You are resistant to unholy torment.
You are immune to petrification.


Message History

You hit the gnoll.
The gnoll is moderately wounded.
The gnoll hits you with a +0 club.
You closely miss the gnoll.
The gnoll is moderately wounded.
You block the gnoll's attack.
You completely miss the gnoll.
The gnoll is moderately wounded.
The gnoll hits you but does no damage.
You sock the gnoll!
The gnoll is almost dead.
The gnoll barely misses you.
You closely miss the gnoll.
The gnoll is almost dead.
The gnoll hits you with a +0 club. You block the gnoll's attack.
You sock the gnoll!
You kill the gnoll!
You barely miss the gnoll.
The gnoll hits you with a +1 heavy flail!
You are too injured to fight recklessly!
You are too injured to fight recklessly!
You are too injured to fight recklessly!
You are too injured to fight recklessly!
You are too injured to fight recklessly!
You are too injured to fight recklessly!
You are too injured to fight recklessly!
You are too injured to fight recklessly!
You are too injured to fight recklessly!
You are too injured to fight recklessly!
You are too injured to fight recklessly!
You are too injured to fight recklessly!
You are too injured to fight recklessly!
You are too injured to fight recklessly!
You are too injured to fight recklessly!
You are too injured to fight recklessly!
You are too injured to fight recklessly!
You sock the gnoll!
The gnoll is severely wounded.
The gnoll hits you with a +1 heavy flail!
You die...

######.#.# ##.......## ##.##.#
#####....###........†####...#.#
...........+.........'........#
#####....###.........####.<.#.#
##.#.# ##......>## ##.##.#
...... ##.....## ####.#
.##.##.###...## #.# .
.#.......## ..# #. #..####@#
### # #g# #.# #......g..#
...........#... <....#...#.#
#######.##.# ### #


You could see a gnoll.

Vanquished Creatures
  2 adders (D:2)
  A gnoll (D:2)
  4 bats
  8 endoplasms
  4 giant cockroaches
  6 goblins
  8 hobgoblins (D:1)
  5 jackals
  2 kobolds
  4 quokkas (D:1)
  9 ball pythons
  A frilled lizard (D:1)
  7 rats
61 creatures vanquished.

Notes
Turn   | Place    | Note
-------+----------+-------------------------------------------
     0 | D:1      | Ijustatesigmund the Gargoyle Fighter began the quest for
                  | the Orb.
     0 | D:1      | Reached XP level 1. HP: 14/14 MP: 1/1
     1 | D:1      | Found a runed translucent door.
    82 | D:1      | Reached XP level 2. HP: 19/19 MP: 2/2
   260 | D:1      | Reached XP level 3. HP: 19/23 MP: 3/3
   563 | D:1      | Found The Oracle's Delphic Readings.
   580 | D:1      | Bought a scroll of teleportation for 33 gold pieces
  1001 | D:1      | Reached XP level 4. HP: 29/29 MP: 4/4
  1114 | D:2      | Identified the amulet of Fuawob {Faith +Blink rF- rN+ Str+2
                  | Stlth+}
  1457 | D:2      | Slain by a gnoll

Illustrated notes

Levels and vault maps discovered:
D:1:      dpeg_arrival_caged_fury, layout_rooms, nicolae_nh_oracle_at_delphi
D:2:      layout_loops_corners

Skill      XL: |  1  2  3  4 |
---------------+-------------+-----
Shields        | 4 |  4.1
Armour         | 4 |  4.0
Fighting       | 4 |  4.0
Maces & Flails | |  2.9

Action                     |  1- 3 |  4- 6 || total
---------------------------+-------+-------++-------
  Melee: Flail             |   133 |    53 ||   186
 Armour: Scale mail        |    94 |    27 ||   121
  Dodge: Dodged            |   102 |    25 ||   127
  Block: Buckler           |    44 |    10 ||    54
